 Dungeon Crawl Stone Soup version 0.23-a0-641-g0a7f1ce553 (webtiles) character file.

6930 HereIgoKillingAgain the Cleaver (level 10, -8/81 HPs)
             Began as a Deep Dwarf Fighter on Dec 30, 2018.
             Was a Priest of Makhleb.
             Mangled by a molten gargoyle
             ... wielding a +0 flail
              (11 damage)
             ... on level 10 of the Dungeon.
             The game lasted 00:11:01 (5978 turns).

HereIgoKillingAgain the Cleaver (DDFi)              Turns: 5978, Time: 00:11:01

Health: -8/81      AC: 17    Str: 25    XL:     10   Next: 80%
Magic:  11/11      EV:  9    Int: 12    God:    Makhleb [***...]
Gold:   491        SH:  3    Dex: 12    Spells: 9/9 levels left

rFire    . . .     SeeInvis .   a - +0 war axe
rCold    . . .     Gourm    .   (no shield)
rNeg     . . .     Faith    .   C - +0 scale mail
rPois    +         Spirit   .   (no helmet)
rElec    .         Reflect  +   d - +2 cloak {rPois}
rCorr    .         Harm     .   k - +0 pair of gloves
MR       +....                  (no boots)
Stlth    ..........             s - +3 amulet of reflection
HPRegen  0.00/turn              D - +3 ring of slaying
MPRegen  0.12/turn              q - +6 ring of protection

@: mighty, non-regenerating
A: damage resistance, heal wounds, sense surroundings 2, no regeneration
a: Heal Wounds, Minor Destruction, Lesser Servant of Makhleb, Renounce Religion


You were on level 10 of the Dungeon.
You worshipped Makhleb.
Makhleb was most pleased with you.
You were near starving.

You visited 2 branches of the dungeon, and saw 11 of its levels.

You collected 491 gold pieces.

Inventory:

Hand Weapons
 a - a +0 war axe (weapon)
 b - a +2 hand axe of flaming
Armour
 d - a +2 cloak of poison resistance (worn)
 k - a +0 pair of gloves (worn)
 C - a +0 scale mail (worn)
Jewellery
 c - an uncursed amulet of magic regeneration {unknown}
 q - a +6 ring of protection (right hand)
 s - a +3 amulet of reflection (around neck)
 D - a +3 ring of slaying (left hand)
Wands
 j - a wand of disintegration (12)
 u - a wand of flame (22)
 I - a wand of iceblast (14)
Scrolls
 e - a scroll of blinking {unknown}
 h - 2 scrolls of magic mapping {unknown}
 i - 6 scrolls of remove curse
 l - a scroll of enchant armour {unknown}
 m - a scroll of enchant weapon {unknown}
 n - 4 scrolls of teleportation
 o - 2 scrolls of fear {unknown}
 t - 2 scrolls of fog {unknown}
 v - 2 scrolls of amnesia {unknown}
 w - a scroll of noise {unknown}
 y - 2 scrolls of holy word {unknown}
Potions
 p - a potion of magic
 r - a potion of ambrosia
 x - a potion of flight
 z - 3 potions of lignification
 A - a potion of agility
 B - 3 potions of curing
 E - a potion of invisibility
 F - 2 potions of mutation
Comestibles
 f - 15 rations


   Skills:
 - Level 2.6 Fighting
 * Level 14.5 Axes
 - Level 3.2 Armour
   Level 3.2 Shields
 + Level 8.3 Invocations
 + Level 8.3 Evocations


You had 9 spell levels left.
You didn't know any spells.
Your spell library was empty.

Dungeon Overview and Level Annotations

Branches:
Dungeon (10/15)            Temple (1/1) D:5
   Lair: D:8-11         Orc: D:9-12

Altars:
Ashenzari
Cheibriados
Dithmenos
Elyvilon
Fedhas
Gozag
Hepliaklqana
Kikubaaqudgha
Makhleb
Nemelex Xobeh
Okawaru
Qazlal
Ru
Sif Muna
Trog
Uskayaw
Vehumet
Wu Jian
Xom
Yredelemnul
Zin
The Shining One
Beogh


Innate Abilities, Weirdness & Mutations

You are resistant to damage.
You can heal yourself by infusing magical energy.
You passively map the area around you.
You do not regenerate.


Message History

You see here a +0 flail.
You slash the molten gargoyle!
The molten gargoyle is moderately damaged.
You hit the molten gargoyle.
The molten gargoyle hits you with a +0 mace.
You are engulfed in flames!
You completely miss the molten gargoyle.
The molten gargoyle is moderately damaged.
You slash the molten gargoyle!
The molten gargoyle hits you with a +0 flail!
You are engulfed in flames!
* * * LOW HITPOINT WARNING * * *
The molten gargoyle blasts magma at you!
The bolt of magma hits you!
* * * LOW HITPOINT WARNING * * *
You fail to use your ability.
The molten gargoyle hits you with a +0 flail!
* * * LOW HITPOINT WARNING * * *
You are engulfed in flames!
You die...

,
.≈§§88≈≈.#,.#
#..≈ , #§
≈≈≈≈≈§.#. *
#..≈ , , .≈
§≈9 .#. *
#..≈# *,..§.§
§9* ** * , ,
#. .#. , ,≈
,* , #.#.#, *
** ≈ *
###..#### , ,
,, ,
#.....99# * *
* * , **
#.#.###@# ,*
# #[. #.# *
#.#..##.# ,
#.#...#.# *
,.....#.# ,*
,#...#.# #
#...#.# < (
#.#.....# *
.##.#.##.####


You could see 2 molten gargoyles.

Vanquished Creatures
  Maurice (D:9)
  Joseph (D:9)
  A molten gargoyle (D:10)
  A troll (D:9)
  A spriggan (D:9)
  A vampire (D:8)
  2 orc warriors
  4 ice beasts
  2 phantoms
  3 sky beasts
  2 black bears
  3 necrophages
  5 ogres
  3 centaurs
  A crocodile (D:8)
  2 big kobolds
  A gnoll sergeant (D:8)
  5 bullfrogs
  A wyvern skeleton (D:8)
  5 scorpions
  5 killer bees (D:9)
  5 wights (D:7)
  2 crimson imps
  A centaur zombie (D:8)
  2 quasits (D:8)
  8 orc priests
  6 orc wizards
  2 bullfrog zombies (D:6)
  5 hounds
  A jelly (D:8)
  3 centaur skeletons
  Crazy Yiuf (D:2)
  2 bullfrog skeletons
  4 iguanas
  14 worker ants
  A hound skeleton (D:9)
  2 worker ant zombies
  8 gnolls
  8 adders
  A howler monkey skeleton (D:5)
  5 shadow imps
  An adder zombie (D:8)
  3 adder skeletons
  A worm (D:2)
  2 dart slugs
  8 leopard geckos
  38 orcs
  A ball python (D:3)
  5 giant cockroaches
  7 goblins
  6 hobgoblins
  12 jackals
  2 quokkas
  8 bats
  7 frilled lizards
  A giant cockroach zombie (D:6)
  A jackal zombie (D:6)
  17 kobolds
  2 leopard gecko skeletons
  A quokka zombie (D:5)
  5 rats
  5 fungi (D:2)
264 creatures vanquished.

Notes
Turn   | Place    | Note
-------+----------+-------------------------------------------
     0 | D:1      | HereIgoKillingAgain the Deep Dwarf Fighter began the quest
                  | for the Orb.
     0 | D:1      | Reached XP level 1. HP: 20/20 MP: 1/1
    52 | D:1      | Reached skill level 3 in Axes
    52 | D:1      | Reached XP level 2. HP: 8/27 MP: 2/2
   348 | D:1      | Reached XP level 3. HP: 27/33 MP: 3/3
   406 | D:1      | Reached skill level 4 in Axes
   709 | D:2      | Reached XP level 4. HP: 15/40 MP: 4/4
   755 | D:2      | Reached skill level 5 in Axes
   787 | D:2      | Noticed an ice beast
   812 | D:2      | Killed an ice beast
   812 | D:2      | Reached skill level 6 in Axes
   812 | D:2      | Reached XP level 5. HP: 15/46 MP: 5/5
  1189 | D:2      | Found a basalt altar of Yredelemnul.
  1271 | D:2      | Found a runed door.
  1275 | D:2      | Noticed Crazy Yiuf
  1281 | D:2      | Killed Crazy Yiuf
  1321 | D:3      | Noticed a phantom
  1357 | D:3      | Killed a phantom
  1357 | D:3      | Reached skill level 7 in Axes
  1357 | D:3      | Reached XP level 6. HP: 39/55 MP: 6/6
  1364 | D:3      | Found a glowing golden altar of the Shining One.
  1527 | D:3      | Found a faded altar of an unknown god.
  1600 | D:3      | Found a shadowy altar of Dithmenos.
  1600 | D:3      | Found an iron altar of Okawaru.
  1611 | D:3      | Found a stormy altar of Qazlal.
  1612 | D:3      | Found a sacrificial altar of Ru.
  1612 | D:3      | Found a blossoming altar of Fedhas.
  1696 | D:3      | Found a snail-covered altar of Cheibriados.
  1873 | D:4      | You fall through a shaft for 2 floors!
  1902 | D:6      | Reached skill level 8 in Axes
  1923 | D:6      | Reached XP level 7. HP: 40/61 MP: 0/7
  1979 | D:6      | Reached skill level 9 in Axes
  2042 | D:5      | Entered Level 5 of the Dungeon
  2360 | D:4      | Found a roughly hewn altar of Beogh.
  2367 | D:4      | Reached skill level 10 in Axes
  2621 | D:4      | Reached XP level 8. HP: 50/68 MP: 0/8
  2703 | D:5      | Found a staircase to the Ecumenical Temple.
  2714 | Temple   | Entered the Ecumenical Temple
  2792 | Temple   | Became a worshipper of Makhleb the Destroyer
  2908 | D:5      | Reached skill level 11 in Axes
  3161 | D:5      | Found an opulent altar of Gozag.
  3162 | D:5      | Found a sparkling altar of Nemelex Xobeh.
  3452 | D:6      | Reached skill level 1 in Invocations
  3452 | D:6      | Reached skill level 1 in Evocations
  3524 | D:6      | Reached * piety under Makhleb
  3721 | D:6      | Reached skill level 12 in Axes
  3886 | D:7      | Gained mutation: You passively map the area around you.
                  | [Deep Dwarf growth]
  3886 | D:7      | Reached XP level 9. HP: 56/74 MP: 11/11
  4126 | D:7      | Reached ** piety under Makhleb
  4178 | D:7      | Reached skill level 5 in Invocations
  4178 | D:7      | Reached skill level 5 in Evocations
  4560 | D:8      | Reached skill level 13 in Axes
  4612 | D:8      | Reached XP level 10. HP: 81/81 MP: 10/10
  4735 | D:8      | Reached *** piety under Makhleb
  5135 | D:9      | Noticed Maurice
  5152 | D:9      | Killed Maurice
  5152 | D:9      | Reached skill level 14 in Axes
  5397 | D:9      | Noticed Joseph
  5415 | D:9      | Killed Joseph
  5865 | D:10     | Entered Level 10 of the Dungeon
  5888 | D:10     | Noticed a molten gargoyle
  5961 | D:10     | Noticed a molten gargoyle
  5962 | D:10     | Noticed a molten gargoyle
  5974 | D:10     | Killed a molten gargoyle
  5978 | D:10     | HP: 3/81 [molten gargoyle/+0 flail (13)]
  5978 | D:10     | Mangled by a molten gargoyle

Vault maps used:
D:1:      minmay_arrival_split_and_join
D:2:      first_ration, lemuel_statue_altar, uniq_crazy_yiuf_cottage
D:3:      grunt_temple_overflow_open, chequers_ecumenical_altar_twisty,
          nicolae_tso_carved_into_rock
D:4:      kennysheep_orc_chapel
D:5:      grunt_temple_overflow_opulence, minmay_temple_entry_wispy,
          minmay_between
D:7:      serial_column_ruins, column_ruins_hut_pillars,
          column_ruins_circle_medium, column_ruins_open_tiny,
          column_ruins_open_tiny, column_ruins_open_medium, column_ruins_grid_1,
          column_ruins_columns_water, column_ruins_open_small
D:9:      grunt_pizzeria, uniq_joseph, uniq_maurice
D:10:     erik_orc_1, enter_bailey_3, grunt_decor_mini_mirrors, minivault_8,
          uniq_erolcha, uniq_josephine
Temple:   zaba_magenta_temple

Skill      XL: |  1  2  3  4  5  6  7  8  9 10 |
---------------+-------------------------------+-----
Axes           | 3 4 6 7 8 10 12 13 14 | 14.5
Invocations    | 3 6 8 |  8.3
Evocations     | 3 6 8 |  8.3
Fighting       | |  2.6
Armour         | |  3.2
Shields        | |  3.2

Action                   |  1- 3 |  4- 6 |  7- 9 | 10-12 || total
-------------------------+-------+-------+-------+-------++-------
Melee: War axe           |   156 |   169 |   522 |   223 ||  1070
 Abil: Heal Wounds       |     1 |     2 |    11 |     4 ||    18
Evoke: Wand              |       |       |       |     6 ||     6
  Use: Potion            |       |     3 |     1 |     3 ||     7
       Scroll            |       |       |    12 |     3 ||    15
  Eat: Chunk             |       |     3 |     9 |     1 ||    13
       Ration            |       |       |     1 |       ||     1
Armor: Scale mail        |    93 |   101 |   312 |   106 ||   612
Dodge: Dodged            |   107 |    70 |   241 |   100 ||   518
Block: Shield            |     7 |       |       |       ||     7
       Other             |       |       |    37 |    26 ||    63
       Reflection        |       |       |     1 |       ||     1

Table legend:
 A = Non-vault XP
 B = Vault XP
 C = Vault XP percentage of total XP
 D = Non-vault monster count
 E = Vault monster count
 F = Vault count percentage of total count
                 A         B        C        D         E       F
            +---------+---------+-------+---------+---------+-------
      Total |    7976 |    1924 |  19.4 |     248 |      11 |   4.2
            +---------+---------+-------+---------+---------+-------
        D:1 |      60 |       0 |   0.0 |      28 |       0 |   0.0
        D:2 |     221 |      39 |  15.0 |      27 |       1 |   3.6
        D:3 |     162 |       0 |   0.0 |      11 |       0 |   0.0
        D:4 |     435 |      88 |  16.8 |      21 |       3 |  12.5
        D:5 |     398 |     237 |  37.3 |      16 |       3 |  15.8
        D:6 |    1114 |       0 |   0.0 |      35 |       0 |   0.0
        D:7 |    1653 |       0 |   0.0 |      38 |       0 |   0.0
        D:8 |    2421 |       0 |   0.0 |      44 |       0 |   0.0
        D:9 |    1379 |    1132 |  45.1 |      27 |       3 |  10.0
       D:10 |     133 |     428 |  76.3 |       1 |       1 |  50.0
            +---------+---------+-------+---------+---------+-------
